 Dungeon Crawl Stone Soup version 0.28.0-53-g5a82cb258f (webtiles) character file.

Game seed: 13335778175452092527

7165 Stomo the Fighter (level 10, -3/93 HPs)
             Began as a Pale Draconian Fighter on June 22, 2022.
             Was a Believer of the Shining One.
             Slain by a boulder beetle (17 damage)
             ... on level 10 of the Dungeon.
             The game lasted 00:24:30 (12153 turns).

Stomo the Fighter (Pale Draconian Fighter)         Turns: 12153, Time: 00:24:31

Health: -3/93      AC: 12    Str: 33    XL:     10   Next: 86%
Magic:  14/15      EV: 14    Int: 12    God:    the Shining One [**....]
Gold:   640        SH:  9    Dex: 10    Spells: 9/9 levels left

rFire   . . .      SeeInvis .   q - +5 mace of the Purple Skies {flame, rPois Str+4}
rCold   . . .      Faith    .   (no shield)
rNeg    + . .      Spirit   .   (armour unavailable)
rPois   +          Reflect  .   f - +1 hat of the Evening {Int+3}
rElec   .          Harm     .   J - +0 cloak
rCorr   .          Rampage  .   H - +2 pair of gloves
Will    .....                   (no boots)
Stlth   +.........              y - amulet of magic regeneration
HPRegen 0.25/turn               o - +6 ring of strength
MPRegen 0.54/turn               (no ring)

@: divinely shielded, short of breath, glowing
A: breathe steam, AC +7, unfitting armour, cold-blooded, steam resistance
a: Breathe Steam, Renounce Religion, Divine Shield


You were on level 10 of the Dungeon.
You worshipped the Shining One.
The Shining One was pleased with you.
You visited 2 branches of the dungeon, and saw 11 of its levels.

You collected 1140 gold pieces.
You spent 500 gold pieces at shops.

Inventory:

Hand Weapons
 a - a +0 flail
 g - a +1 whip of freezing
 j - a +3 flail
 q - the +5 mace of the Purple Skies (weapon) {flame, rPois Str+4}
   (You bought it in a shop on level 8 of the Dungeon)

   It burns those it strikes, dealing additional fire damage.
   Str:       It affects your strength (+4).
   rPois:     It protects you from poison.
 u - a +1 whip of venom
Missiles
 K - 2 throwing nets (quivered)
Armour
 b - a +0 buckler
 f - the +1 hat of the Evening (worn) {Int+3}
   (You acquired it on level 8 of the Dungeon)

   Int:       It affects your intelligence (+3).
 H - a +2 pair of gloves (worn)
 J - a +0 cloak (worn)
Jewellery
 o - a +6 ring of strength (left hand)
 r - an amulet of the acrobat
 y - an amulet of magic regeneration (around neck)
Wands
 p - a wand of charming (1)
 s - a wand of iceblast (13)
 F - a wand of paralysis (7)
 G - a wand of flame (19)
 I - a wand of polymorph (6)
 L - a wand of digging (3)
Scrolls
 e - a scroll of noise
 k - 4 scrolls of identify
 w - 3 scrolls of fear {unknown}
 z - 2 scrolls of amnesia
 A - 2 scrolls of teleportation
 E - a scroll of magic mapping
Potions
 c - 3 potions of might
 d - 4 potions of brilliance
 h - 6 potions of degeneration
 i - 2 potions of attraction
 l - 3 potions of curing {unknown}
 m - 2 potions of heal wounds
 n - 5 potions of mutation {unknown}
 t - 3 potions of ambrosia {unknown}
 v - a potion of flight {unknown}
 x - a potion of resistance {unknown}
 C - a potion of haste {unknown}
 D - 2 potions of magic {unknown}
Miscellaneous
 B - a lightning rod (4/4)


   Skills:
 + Level 10.2 Fighting
 + Level 9.1 Maces & Flails
 + Level 8.5 Dodging
 - Level 3.0 Shields
 * Level 7.7 Invocations


You had 9 spell levels left.
You didn't know any spells.
Your spell library contained the following spells:

 Spells                   Type           Power      Damage    Failure   Level
 Corpse Rot               Necr/Air       0%         N/A       45%         2
 Sublimation of Blood     Necr           0%         N/A       45%         2
 Wereblood                Tmut           0%         N/A       45%         2
 Conjure Flame            Conj/Fire      0%         6-21      69%         3
 Ignite Poison            Fire/Tmut/Pois 0%         N/A       69%         3
 Dispel Undead            Necr           0%         3d6       97%         4
 Sticky Flame             Conj/Fire      0%         2d3       97%         4
 Death Channel            Necr           0%         N/A       100%        6
 Summon Hydra             Summ           0%         N/A       100%        7


Dungeon Overview and Level Annotations

Branches:
Dungeon (10/15)            Temple (1/1) D:7
   Lair: D:8-11         Orc: D:9-12

Altars:
Ashenzari
Cheibriados
Dithmenos
Elyvilon
Fedhas
Gozag
Hepliaklqana
Kikubaaqudgha
Makhleb
Nemelex Xobeh
Okawaru
Qazlal
Ru
Trog
Uskayaw
Vehumet
Wu Jian
Xom
Yredelemnul
Zin
The Shining One

Shops:
D:8 (

Annotations:
D:2 1 runed translucent door, Crazy Yiuf
D:5 2 transporters
D:10 1 runed translucent door


Innate Abilities, Weirdness & Mutations

You can breathe blasts of scalding, opaque steam.
Your pale cyan-grey scales are hard. (AC +7)
You cannot fit into any form of body armour.
You are cold-blooded and may be slowed by cold attacks.
You are immune to the effects of steam.


Message History

The boulder beetle curls into a ball and begins rolling!
You have got your breath back.
The boulder beetle hits you.
The boulder beetle stops rolling and uncurls.
You hit the boulder beetle. You burn the boulder beetle.
The boulder beetle is lightly wounded.
The boulder beetle bites you but does no damage.
You hit the boulder beetle but do no damage.
You tail-slap the boulder beetle.
The boulder beetle is lightly wounded.
The boulder beetle bites you!
You hit the boulder beetle but do no damage.
The boulder beetle is lightly wounded.
The boulder beetle bites you but does no damage.
You hit the boulder beetle. You burn the boulder beetle.
The boulder beetle is moderately wounded.
The boulder beetle bites you!
You completely miss the boulder beetle.
The boulder beetle is moderately wounded.
The boulder beetle bites you!
Unknown command.
The boulder beetle curls into a ball and begins rolling!
The boulder beetle hits you!!
The boulder beetle stops rolling and uncurls.
Things that are here:
a +4 long sword; a +0 shortbow; 18 arrows A divine shield forms around you!
The boulder beetle leaps!
Aiming: Breathe Steam (1% risk of failure)
Press: ? - help, Shift-Dir - straight line, f/p - boulder beetle
Aim: a boulder beetle (lightly wounded, 100% to hit)
You exhale a blast of scalding steam.
Unknown command.
Unknown command.
The boulder beetle is engulfed in a cloud of scalding steam.
The boulder beetle bites you!
* * * LOW HITPOINT WARNING * * *
You hit the boulder beetle but do no damage.
The boulder beetle is lightly wounded.
The boulder beetle bites you!
You die...

##.# #..# .#
##.####..########.#
#....†........#...#
#.†###.#..........#
#...............#§####
##.###.#.......§......
...........#...§..##
##.#####.####†.)B##
##...........°##@#
##.####....#...#.#####.#
##.# #... #°#.........#
..(. #.. #.###.#######
.... ((..#.....#### ..
#.............#
#....########.# #####
#§# #§#####


You could see a boulder beetle.

Vanquished Creatures
  A deep elf pyromancer (D:7)
  Pikel (D:4)
  Maggie (D:9)
  A troll (D:10)
  A hornet (D:10)
  Prince Ribbit (D:8)
  A wraith (D:10)
  3 yaks (D:8)
  A wyvern (D:9)
  Eustachio (D:4)
  2 vampire mosquitoes (D:8)
  Menkaure (D:4)
  2 water moccasins
  A sky beast (D:6)
  2 orc warriors (D:6)
  A necrophage (D:6)
  5 centaurs
  2 ogres
  2 phantoms
  A lemure (D:4)
  A kobold brigand (D:8)
  A gnoll sergeant (D:9)
  3 bullfrogs
  3 scorpions
  12 killer bees (D:10)
  11 wights
  5 howler monkeys
  8 centaur zombies
  A centaur skeleton (D:6)
  3 jellies
  A gnoll shaman (D:6)
  3 orc priests
  5 hounds
  A bullfrog skeleton (D:5)
  2 iguanas
  2 orc wizards
  A scorpion zombie (D:5)
  A killer bee zombie (D:6)
  3 hound skeletons
  Robin (D:2)
  A howler monkey zombie (D:10)
  6 gnolls
  4 adders
  3 howler monkey skeletons
  A shadow imp (D:8)
  A white imp (D:6)
  3 worms
  4 dart slugs
  21 orcs
  5 ball pythons
  6 bats
  4 endoplasms
  4 giant cockroaches
  12 hobgoblins
  11 kobolds
  5 quokkas
  A frilled lizard (D:1)
  15 goblins
  A rat (D:1)
207 creatures vanquished.

Notes
Turn   | Place    | Note
-------+----------+-------------------------------------------
     0 | D:1      | Stomo the Draconian Fighter began the quest for the Orb.
     0 | D:1      | Reached XP level 1. HP: 19/19 MP: 1/1
   101 | D:1      | Reached XP level 2. HP: 22/26 MP: 2/2
   284 | D:1      | Reached XP level 3. HP: 21/33 MP: 3/3
   554 | D:1      | Found a faded altar of an unknown god.
   775 | D:2      | Reached skill level 4 in Fighting
  1041 | D:2      | Noticed Robin
  1064 | D:2      | Reached XP level 4. HP: 23/40 MP: 4/4
  1081 | D:2      | Killed Robin
  1599 | D:2      | Found a runed translucent door.
  1600 | D:2      | Noticed Crazy Yiuf
  2826 | D:4      | Noticed an ogre
  2836 | D:4      | Killed an ogre
  2837 | D:4      | Reached XP level 5. HP: 30/47 MP: 5/5
  2993 | D:4      | Noticed Eustachio
  3011 | D:4      | Killed Eustachio
  3012 | D:4      | Reached skill level 5 in Fighting
  3012 | D:4      | Reached XP level 6. HP: 38/56 MP: 6/6
  3539 | D:4      | Noticed Pikel
  3921 | D:4      | Killed Pikel
  3922 | D:4      | Reached skill level 6 in Fighting
  3922 | D:4      | Reached skill level 5 in Maces & Flails
  3922 | D:4      | Reached skill level 5 in Dodging
  3922 | D:4      | Your scales start taking on a pale cyan-grey colour.
  3922 | D:4      | Reached XP level 7. HP: 40/64 MP: 7/7
  3922 | D:4      | Gained mutation: You are immune to the effects of steam.
                  | [Pale Draconian growth]
  4296 | D:4      | Reached XP level 8. HP: 67/71 MP: 8/8
  4438 | D:4      | Noticed Menkaure
  4454 | D:4      | Killed Menkaure
  4744 | D:4      | Reached skill level 7 in Fighting
  4823 | D:5      | Entered Level 5 of the Dungeon
  5430 | D:5      | Found a basalt altar of Yredelemnul.
  5575 | D:5      | Found a transporter.
  5580 | D:5      | Found a transporter.
  5644 | D:5      | Found an ancient bone altar of Kikubaaqudgha.
  5795 | D:5      | Found a broken altar of Ashenzari.
  5906 | D:5      | Found a snail-covered altar of Cheibriados.
  6140 | D:6      | Reached skill level 8 in Fighting
  6304 | D:6      | Reached XP level 9. HP: 51/81 MP: 9/9
  7307 | D:7      | Found a faded altar of an unknown god.
  7581 | D:7      | Found a staircase to the Ecumenical Temple.
  7727 | Temple   | Entered the Ecumenical Temple
  7754 | Temple   | Became a worshipper of the Shining One
  7800 | D:7      | Noticed a deep elf pyromancer
  7920 | D:7      | Reached skill level 1 in Invocations
  8133 | D:7      | Killed a deep elf pyromancer
  8437 | D:8      | Reached skill level 9 in Fighting
  8633 | D:8      | Found a shadowy altar of Dithmenos.
  8818 | D:8      | Reached XP level 10. HP: 91/91 MP: 13/13
  8836 | D:8      | Found Cuitos's Weapon Boutique.
  9188 | D:8      | Reached skill level 5 in Invocations
  9466 | D:9      | Noticed Maggie
  9467 | D:9      | Noticed Prince Ribbit
  9467 | D:9      | Reached * piety under the Shining One
  9590 | D:8      | Identified 2 scrolls of acquirement
  9590 | D:8      | Acquired 609 gold pieces
  9594 | D:8      | Acquired the +1 hat of the Evening {Int+3}
 10142 | D:8      | Killed Prince Ribbit
 10171 | D:8      | Bought the +5 mace of the Purple Skies {flame, rPois Str+4}
                  | for 500 gold pieces
 10735 | D:9      | Killed Maggie
 10918 | D:9      | Reached ** piety under the Shining One
 11296 | D:9      | Found a burning altar of Makhleb.
 11331 | D:10     | Entered Level 10 of the Dungeon
 11480 | D:10     | Noticed a death knight
 11502 | D:10     | Found a runed translucent door.
 11653 | D:10     | Reached skill level 10 in Fighting
 12095 | D:10     | Noticed a boulder beetle
 12153 | D:10     | Slain by a boulder beetle

Illustrated notes

Levels and vault maps discovered:
D:1:      zaba_arrival_water, layout_basic, dreamdust_ecumenical_altar_statues
D:2:      layout_loops_ring, kennysheep_generic_room_16, uniq_robin,
          uniq_crazy_yiuf_cottage
D:3:      layout_loops_corners, feat_on_display
D:4:      minmay_chambers_of_twos, layout_basic, minmay_misc_feat_rugged,
          uniq_eustachio, uniq_pikel, uniq_menkaure
D:5:      layout_rooms, gammafunk_temple_of_torment, chei_slow_surprise,
          nicolae_overflow_hidden_temple, minivault_14
D:6:      layout_basic, minmay_circle_x
D:7:      layout_cave_pools, minmay_temple_entry_hall, serial_column_ruins,
          column_ruins_temple_circle, column_ruins_hut,
          column_ruins_columns_corner, column_ruins_open_small,
          column_ruins_columns_straight, column_ruins_open_small,
          column_ruins_corridor_T, column_ruins_grid_1, column_ruins_open_small,
          hangedman_abyss_or_decor_stabs
D:8:      layout_cave_pods, mainiacjoe_overflow_24_doors,
          kennysheep_windowed_goal
D:9:      layout_cave_pools, lemuel_tele_altar, chequers_avenue,
          uniq_prince_ribbit1, uniq_maggie
D:10:     layout_basic, minmay_st_funbox
Temple:   minmay_freezing_vapour_temple

Skill      XL: |  1  2  3  4  5  6  7  8  9 10 |
---------------+-------------------------------+-----
Dodging        | 3 4 5 6 7 8 |  8.5
Fighting       | 4 5 6 8 9 10 | 10.2
Maces & Flails | 3 4 5 7 8 9 |  9.1
Invocations    | 4 7 |  7.7
Shields        | |  3.0

Action                   |  1- 3 |  4- 6 |  7- 9 | 10-12 || total
-------------------------+-------+-------+-------+-------++-------
Melee: Flail             |   103 |   144 |       |       ||   247
       Tailslap          |     7 |    10 |    44 |    29 ||    90
       Punch             |       |     3 |     4 |     2 ||     9
       Whip              |       |       |   248 |    56 ||   304
       Mace              |       |       |       |    86 ||    86
Invok: Divine Shield     |       |       |       |     1 ||     1
 Abil: Breathe Steam     |       |       |    24 |    25 ||    49
  Use: Scroll            |       |     3 |     1 |    14 ||    18
       Potion            |       |     2 |     1 |       ||     3
Armor: Skin              |    54 |    75 |    57 |   110 ||   296
Dodge: Dodged            |   117 |    95 |   148 |   193 ||   553
